Fleur, neutral female sylph Wizard ----- -.<.| ...@---. .--.G... ---... Fleur the Conjurer Experience level: 4 Strength: 8 Dexterity: 15 Constitution: 13 Intelligence: 19 Wisdom: 16 Charisma: 9 Health: 0(39) Energy: 33(55) Def: 1 Gold: 372 Moves: 1672 Dungeon seed: ykkk9uOjz3E1J_8X Game ID: Fleur_1524741548 Your Inventory: Coins $ - 372 gold pieces Amulets j - an uncursed amulet of magical breathing Weapons a - a blessed +1 quarterstaff (weapon in hands) Armor e - an uncursed +0 cloak of magic resistance (being worn) Comestibles p - 27 uncursed meatballs s - an uncursed eucalyptus leaf u - an uncursed food ration Scrolls i - an uncursed scroll of scare monster k - an uncursed scroll of teleportation o - an uncursed scroll of magic mapping Spellbooks b - a blessed spellbook of force bolt c - an uncursed spellbook of stone to flesh Potions f - an uncursed potion of gain energy g - an uncursed potion of healing r - a potion of unholy water t - an uncursed potion of see invisible Rings m - an uncursed ring of warning Wands h - a wand of secret door detection (0:14) Gems q - an uncursed obsidian Spells and supernatural/magical abilities: Name Level Category Fail Memory a - force bolt 1 attack 0% 92% S - stone to flesh 3 healing 56% 92% W - pray for help -- divine ? -- Your skills at the end: Miscellaneous Skills wands [Basic] Weapon Skills quarterstaff [Basic] Spellcasting Skills attack spells [Basic] enchantment spells [Basic] Final Attributes: You were devoutly aligned. You were magic-protected. Your writing hand was ok. You saw invisible. You were very stealthy. You were protected from shape changers. You were unlucky. You are dead. Vanquished creatures: a small mimic a floating eye a kitten a dwarf a jitterbug 4 geckos a yellow mold a green mold 2 gnomes 4 jackals 3 newts a goblin 4 sewer rats 5 grid bugs a bat 2 lichens a kobold zombie 34 creatures vanquished. Voluntary challenges: You followed a strict vegan diet. You did not adorn yourself with jewelry or accessories. You did not cause conflict. You were not invisible. You did not have reflection. You were not displaced. You used a wielded weapon 29 times, starting on turn 550. You did not use tools. You did not use plumbed fixtures. You did not drink any magical draughts. You read items or engraved 1 time, starting on turn 541. You never genocided any monsters. You never polymorphed an object. You never changed form. You used no wishes. You never split a pudding. You wrote Elbereth's name 1 time, starting on turn 541. You violated your moral code, losing 1 point of alignment, starting on turn 1668. Dungeon overview: The Dungeons of Doom: levels 1 to 4 Level 1 a long staircase Level 2 a fountain Level 3 Level 4 a general store, a sink stairs to The Gnomish Mines The Gnomish Mines: Level 5 <- You were here stairs to The Dungeons of Doom History has recorded: On T:1 you entered the Dungeons of Doom to retrieve the Amulet of Yendor! On T:356 you reached level 2 of The Dungeons of Doom. On T:800 you reached level 3 of The Dungeons of Doom. On T:824 you prayed to Thoth. On T:862 you advanced to experience level 2. On T:1449 you advanced to experience level 3. On T:1481 you reached level 4 of The Dungeons of Doom. On T:1577 you reached level 1 of The Gnomish Mines. On T:1623 you advanced to experience level 4. On T:1664 you prayed to Thoth. Score breakdown: Gold: 372 ( 37 points) Experience: 4 levels ( 300 points) Exploration: 5 levels ( 120 points) Discoveries: 2 items ( 100 points) Variety of kills: 17 monsters ( 850 points) Major goal: (nothing yet) ( 0 points) Survival: died (score multiplied by 3) Total score: 4221 Latest messages: The spell hits the gnome lord! You try to draw healing from your surroundings, but you are too weak. You begin praying to Thoth. You are surrounded by a shimmering light. You feel that Thoth is well-pleased. Your interior feels content. The spell misses the dwarf. (2x) The spell hits it. You kill it! You hesitate for a moment, bothered by your conscience. The dwarf thrusts his broad short sword at you. The dwarf stabs you! The spell hits the dwarf! The spell misses the dwarf. The dwarf thrusts his broad short sword at you. The dwarf stabs you! The spell hits the dwarf! You kill the dwarf! The spell hits it. $ - 12 gold pieces. There are several more objects here. The gnome lord punches you! You die... Final status: Goodbye Fleur the Wizard, killed by a gnome lord... You died in The Gnomish Mines on dungeon level 5 with 4221 points, and 372 pieces of gold, after 1672 moves. You were level 4 with a maximum of 39 hit points when you died.